 Dungeon Crawl Stone Soup version 0.30-a0-989-g0d87f670db (webtiles) character file.

Game seed: 4949113493427734180

2 tilp the Vexing (level 1, 0/13 HPs)
             Began as a Vampire Enchanter on Apr 2, 2023.
             Slain by a kobold
             ... wielding a +1 vampiric short sword
              (2 damage)
             ... on level 1 of the Dungeon.
             The game lasted 00:00:40 (75 turns).

tilp the Vexing (Vampire Enchanter)                   Turns: 75, Time: 00:00:41

Health: 0/13       AC:  2    Str:  7    XL:     1   Next: 25%
Magic:  3/3        EV: 12    Int: 17    God:
Gold:   5          SH:  5    Dex: 14    Spells: 4/4 levels left

rFire   . . .      SeeInvis +    a - +1 dagger
rCold   . . .      Faith    .    (no shield)
rNeg    . . .      Spirit   .    b - +0 robe
rPois   .          Reflect  +    (no helmet)
rElec   .          Rampage  .    (no cloak)
rCorr   .                        (no gloves)
Will    .....                    (no boots)
Stlth   +++                      d - amulet of reflection
HPRegen 0.42/turn                (no ring)
MPRegen 0.08/turn                (no ring)

@: healing quickly
A: alive, fangs 3, see invisible, vampiric 1
a: Exsanguinate


You were on level 1 of the Dungeon.
You visited 1 branch of the dungeon, and saw 1 of its levels.

You collected 5 gold pieces.

Inventory:

Hand Weapons
 a - a +1 dagger (weapon)
Armour
 b - a +0 robe (worn)
Jewellery
 d - an amulet of reflection (around neck)
Potions
 c - 2 potions of invisibility


   Skills:
 * Level 0.1 Fighting
 * Level 1.1 Short Blades
 + Level 2.2 Dodging
 + Level 4.4 Stealth
 + Level 2.0 Spellcasting
 + Level 4.4 Hexes


You had 4 spell levels left.
You didn't know any spells.
Your spell library contained the following spells:

 Spells                   Type           Power      Damage    Failure   Level
 Confusing Touch          Hex            16%        N/A       10%         3
 Tukima's Dance           Hex            16%        N/A       10%         3
 Ensorcelled Hibernation  Hex/Ice        18%        N/A       12%         2
 Dazzling Flash           Conj/Hex       18%        N/A       24%         3


Dungeon Overview and Level Annotations

Branches:
Dungeon (1/15)

Altars:


Innate Abilities, Weirdness & Mutations

Your natural rate of healing is accelerated.
You have razor-sharp teeth.
You have supernaturally acute eyesight. (SInv)
You are afflicted with vampirism.


Message History

You hit the kobold but do no damage.
The kobold is severely wounded.
The kobold hits you with a +0 short sword.
You hit the kobold.
You kill the kobold!
You barely miss the kobold.
A hobgoblin comes into view.
You block the kobold's attack.
You closely miss the kobold. You block the kobold's attack.
You closely miss the kobold. The kobold barely misses you.
You hit the kobold.
The kobold is moderately wounded.
The kobold hits you with a +1 vampiric short sword.
The kobold draws strength from your wounds!
You closely miss the kobold. You miss the kobold.
The kobold hits you with a +1 vampiric short sword.
You hit the kobold but do no damage. You block the kobold's attack.
You hit the kobold.
The kobold is moderately wounded.
The kobold hits you with a +1 vampiric short sword.
* * * LOW HITPOINT WARNING * * *
You hit the kobold.
The kobold is severely wounded.
You block the kobold's attack.
You hit the kobold but do no damage. Your bite misses the kobold.
The kobold is severely wounded.
The kobold hits you with a +1 vampiric short sword.
* * * LOW HITPOINT WARNING * * *
The kobold draws strength from your wounds!
You barely miss the kobold. You block the kobold's attack.
Unknown command.
You barely miss the kobold.
The kobold hits you with a +1 vampiric short sword.
* * * LOW HITPOINT WARNING * * *
Unknown command.
You closely miss the kobold. You block the kobold's attack.
You completely miss the kobold. You bite the kobold, but do no damage.
The kobold hits you with a +1 vampiric short sword.
You die...

...... #.##.#
#.##.# #.##K#
#.##.# #
##.##.####...#
#g..†........#
#K####.###...#
##@# #.# #
#..# #.# #.##
#.# #.# ##.#
#.# #.#
#####..# #.#
#.# #.....##
#.# #.#
##.##### #.#
##.## #.##
##.##


You could see a hobgoblin and a kobold.

Vanquished Creatures
  A quokka (D:1)
  A kobold (D:1)
2 creatures vanquished.

Notes
Turn   | Place    | Note
-------+----------+-------------------------------------------
     0 | D:1      | tilp the Vampire Enchanter began the quest for the Orb.
     0 | D:1      | Reached XP level 1. HP: 13/13 MP: 3/3
    75 | D:1      | Slain by a kobold

Illustrated notes

Levels and vault maps discovered:
D:1:      spicycebolla_arrival_xxxplode, layout_loops_ring,
          grunt_decor_mini_mirrors

Action                     || total
---------------------------++-------
  Melee: Dagger            ||    27
         Bite              ||     2
 Armour: Robe              ||     1
  Dodge: Dodged            ||     7
  Block: Other             ||     7

Table legend: (Time is in decaauts)
 A = Elapsed time spent in this place.
 B = Non-inter-level travel time spent in this place.
 C = Inter-level travel time spent in this place.
 D = Time resting spent in this place.
 E = Time spent auto-exploring this place.
 F = Levels seen in this place.
 G = Mean time per level.
                   A        B        C        D        E       F      G
               +--------+--------+--------+--------+--------+-----+--------+
         Total |     73 |     73 |      0 |      0 |     31 |   1 |   73.0 |
       Dungeon |     73 |     73 |      0 |      0 |     31 |   1 |   73.0 |
               +--------+--------+--------+--------+--------+-----+--------+

Top non-repeatable levels by time:
     D:1: 73 daAuts
